 Dungeon Crawl Stone Soup version 0.29.1-12-g30fa7ad0bf (webtiles) character file.

Game seed: 6731593371663456374

1685 Peloso the Carver (level 8, -2/71 HPs)
             Began as a Minotaur Fighter on Dec 30, 2022.
             Slain by an orc knight
             ... wielding a +0 war axe
              (14 damage)
             ... in a bailey.
             The game lasted 00:13:13 (5434 turns).

Peloso the Carver (Minotaur Fighter)                Turns: 5434, Time: 00:13:13

Health: -2/71      AC: 13    Str: 22    XL:     8   Next: 71%
Magic:  7/7        EV:  8    Int:  5    God:
Gold:   266        SH:  5    Dex: 11    Spells: 7/7 levels left

rFire   + . .      SeeInvis .   a - +1 long sword (flame)
rCold   . . .      Faith    .   d - +0 buckler
rNeg    . . .      Spirit   .   c - +1 chain mail
rPois   +          Reflect  .   (helmet restricted)
rElec   .          Harm     .   (no cloak)
rCorr   .          Rampage  .   f - +0 pair of gloves
Will    .....                   (no boots)
Stlth   ..........              (no amulet)
HPRegen 0.21/turn               e - ring of protection from fire
MPRegen 0.10/turn               B - ring of poison resistance

@: mighty
A: horns 2, retaliatory headbutt
a: no special abilities


You were in a bailey.
You visited 1 branch of the dungeon, and saw 6 of its levels.
You also visited: Bailey.

You collected 266 gold pieces.

Inventory:

Hand Weapons
 a - a +1 long sword of flaming (weapon)
 b - a +1 whip of flaming
Missiles
 w - a throwing net (quivered)
Armour
 c - a +1 chain mail (worn)
 d - a +0 buckler (worn)
 f - a +0 pair of gloves (worn)
Jewellery
 e - a ring of protection from fire (left hand)
 l - the ring of Ryilaph {Fire rN+ MP+9 Dex+3}
   (You found it on level 7 of the Dungeon)

   [ring of fire]

   It enhances your fire magic.
   Dex:       It affects your dexterity (+3).
   rF:        It protects you from fire.
   rC:        It makes you vulnerable to cold.
   rN:        It protects you from negative energy.
   MP:        It affects your magic capacity (+9).
 n - a ring of protection from cold
 B - a ring of poison resistance (right hand)
Wands
 u - a wand of roots (12)
Scrolls
 g - 5 scrolls of teleportation
 h - a scroll of silence
 j - a scroll of enchant armour
Potions
 i - 2 potions of curing
 k - a potion of invisibility {unknown}
 q - a potion of cancellation {unknown}
 r - 2 potions of lignification {unknown}
 t - a potion of mutation {unknown}
 v - 2 potions of brilliance {unknown}
 x - a potion of attraction {unknown}
 z - a potion of degeneration {unknown}


   Skills:
 + Level 6.4 Fighting
 + Level 8.7 Long Blades
 + Level 8.2 Armour
 + Level 1.7 Dodging
 + Level 0.5 Stealth
 + Level 5.6 Shields


You had 7 spell levels left.
You didn't know any spells.
Your spell library contained the following spells:

 Spells                   Type           Power      Damage    Failure   Level
 Beastly Appendage        Tmut           0%         N/A       99%         1
 Wereblood                Tmut           0%         N/A       100%        2
 Spider Form              Tmut/Pois      0%         N/A       100%        3


Dungeon Overview and Level Annotations

Branches:
Dungeon (7/15)             Bailey (1/1)
 Temple: D:4-7

Altars:
Yredelemnul
The Shining One


Innate Abilities, Weirdness & Mutations

You have a pair of horns on your head.
You reflexively headbutt those who attack you in melee.


Message History

The orc knight hits you but does no damage.
You slash the orc knight! You burn the orc knight.
Your headbutt misses the orc knight.
The orc knight is moderately wounded.
The gnoll hits you with a +0 hand axe.
The orc knight hits you but does no damage.
You slash the orc knight! You burn the orc knight.
The orc knight is severely wounded.
The gnoll hits you with a +0 hand axe.
The orc knight hits you with a +0 war axe!
You hit the orc knight. You burn the orc knight.
The orc knight is severely wounded.
The gnoll barely misses you. The orc knight barely misses you.
You closely miss the orc knight.
The orc knight is severely wounded.
The gnoll hits you but does no damage. The orc knight barely misses you.
You completely miss the orc knight.
The orc knight is severely wounded.
The gnoll completely misses you.
The orc knight splashes around in the water.
You barely miss the orc knight. Your headbutt misses the orc knight.
The orc knight is severely wounded.
The gnoll hits you with a +0 hand axe!
* * * LOW HITPOINT WARNING * * *
You barely miss the orc knight. Your headbutt misses the orc knight.
The orc knight is severely wounded.
The orc knight barely misses you. The gnoll hits you with a +0 hand axe.
* * * LOW HITPOINT WARNING * * *
You barely miss the orc knight.
The orc knight is severely wounded.
The orc knight hits you with a +0 war axe!
* * * LOW HITPOINT WARNING * * *
The gnoll completely misses you.
You feel better.
The orc knight hits you with a +0 war axe!
* * * LOW HITPOINT WARNING * * *
You block the gnoll's attack.
You feel better.
The orc knight hits you with a +0 war axe!
You die...

#.......#
########.......#######
≈≈≈≈≈≈≈...))....≈≈≈≈≈≈
≈≈≈≈≈≈≈≈≈≈...≈≈≈≈≈≈≈≈≈
≈≈≈≈≈≈≈≈≈≈...≈≈≈≈≈≈≈≈≈
≈≈≈≈≈≈≈≈≈≈...≈≈≈≈≈≈≈≈≈
≈≈≈≈≈≈≈≈≈≈...≈≈≈≈≈≈≈≈≈
######~~~o...~~~~#####
#..@g.......#
#####'''#####
#..'.....+ #..'.....+
#..#..⌠..# ....#.....#
#.8g. #.....# #.o..
####### #.8#


You could see an orc knight and a gnoll.

Vanquished Creatures
  Pikel (D:4)
  Sigmund (D:5)
  2 water moccasins
  2 ice beasts
  An ogre (D:4)
  2 bullfrogs
  A hound (D:4)
  2 orc priests (D:3)
  2 iguanas (D:5)
  An orc wizard (D:5)
  Robin (D:4)
  4 gnolls
  5 adders
  An ufetubus (D:4)
  2 worms
  4 dart slugs
  6 orcs
  8 endoplasms
  2 giant cockroaches
  21 goblins
  5 hobgoblins
  8 jackals
  5 kobolds
  4 quokkas
  3 ball pythons
  7 bats
  A frilled lizard (D:1)
  3 rats
105 creatures vanquished.

Vanquished Creatures (collateral kills)
  An ice beast (D:7)
1 creature vanquished.

Grand Total: 106 creatures vanquished

Notes
Turn   | Place    | Note
-------+----------+-------------------------------------------
     0 | D:1      | Peloso the Minotaur Fighter began the quest for the Orb.
     0 | D:1      | Reached XP level 1. HP: 19/19 MP: 0/0
   636 | D:1      | Reached XP level 2. HP: 27/27 MP: 1/1
  1251 | D:2      | Reached XP level 3. HP: 12/33 MP: 2/2
  1834 | D:2      | Reached XP level 4. HP: 41/41 MP: 3/3
  2201 | D:3      | Reached XP level 5. HP: 23/47 MP: 4/4
  2895 | D:3      | Found a faded altar of an unknown god.
  3247 | D:4      | Noticed an ogre
  3364 | D:4      | Reached skill level 5 in Armour
  3494 | D:4      | Noticed Pikel
  3494 | D:4      | Noticed a lemure
  3494 | D:4      | Noticed a lemure
  3509 | D:4      | Killed Pikel
  3510 | D:4      | Reached skill level 5 in Fighting
  3510 | D:4      | Reached XP level 6. HP: 41/56 MP: 5/5
  3510 | D:4      | Reached XP level 7. HP: 45/61 MP: 6/6
  3627 | D:4      | Found a glowing golden altar of the Shining One.
  3751 | D:4      | Noticed Robin
  3788 | D:4      | Killed Robin
  3891 | D:4      | Reached skill level 1 in Dodging
  4287 | D:5      | Entered Level 5 of the Dungeon
  4345 | D:5      | Reached skill level 5 in Shields
  4528 | D:5      | Reached XP level 8. HP: 38/70 MP: 7/7
  4770 | D:5      | Found a basalt altar of Yredelemnul.
  4800 | D:5      | Noticed Sigmund
  4810 | D:5      | Killed Sigmund
  5080 | D:5      | You fall into a shaft and drop 2 floors!
  5170 | D:7      | Identified the ring of Ryilaph {Fire rN+ MP+9 Dex+3}
  5287 | D:7      | Found a flagged portal.
  5303 | Bailey   | Entered a bailey
  5409 | Bailey   | Noticed an orc knight
  5434 | Bailey   | Slain by an orc knight

Illustrated notes

Levels and vault maps discovered:
D:1:      co_arrival_random_square_maze, layout_loops_corners
D:2:      layout_rooms, hangedman_decor_riveting, hangedman_glass_teeth,
          minmay_fractal_squares_gapless_5
D:3:      layout_loops_ring, dilly_ecumenical_altar_fadedgnrine
D:4:      layout_basic, nicolae_tso_swordbearing_angel, uniq_robin, uniq_pikel
D:5:      layout_loops_cross, yredelemnul_altar_generic, grunt_ministairs_1,
          uniq_sigmund
D:7:      layout_basic, grunt_temple_overflow_order_and_chaos_2,
          kennysheep_little_box, nemelex_diamond_rough_becter,
          minmay_temple_entry_waves, enter_bailey_4, st_stairs_12,
          uniq_menkaure, uniq_maggie
Bailey:   bailey_axe_of_yendor_kennysheep, bailey

Skill      XL: |  1  2  3  4  5  6  7  8 |
---------------+-------------------------+-----
Shields        | 4 5 |  5.6
Armour         | 4 6 7 8 |  8.2
Fighting       | 4 5 6 |  6.4
Long Blades    | 3 4 6 7 8 |  8.7
Dodging        | 1 |  1.7
Stealth        | |  0.5

Action                   |  1- 3 |  4- 6 |  7- 9 || total
-------------------------+-------+-------+-------++-------
Melee: Long sword        |   100 |    78 |   131 ||   309
       Headbutt          |    17 |    15 |    22 ||    54
  Use: Scroll            |     1 |     1 |    10 ||    12
       Potion            |       |       |     3 ||     3
Armor: Scale mail        |    53 |       |       ||    53
       Chain mail        |    12 |    31 |    66 ||   109
Dodge: Dodged            |    59 |    21 |    48 ||   128
Block: Buckler           |    35 |    14 |    32 ||    81
